Map: 10000 Feet LE

Players

Reynor

  • Race: Zerg Zerg

Clem - Winner!

  • Race: Terran Terran

VOD

Have the link to the VOD?

Description

Time

  • Played on: Jan. 17, 2026, 11:54 p.m.
  • Length: 13:54
Show
View Real Time Build Order
Export as new Build Order

Reynor Zerg 

Build Orders: Hatch First, Lurkers 

Get SALT Encoding   

  12  0:00  Drone  
  13  0:08  Drone  
  14  0:14  Extractor, Drone  
  15  0:21  Overlord  
  15  0:40  Drone  
  16  0:45  Hatchery  
  16  0:49  Drone  
  16  0:52  Drone  
  18  0:57  Drone  
  18  1:06  Extractor  
  17  1:12  Spawning Pool  
  17  1:14  Drone  
  17  1:17  Drone  
  18  1:26  Drone  
  19  1:37  Drone  
  20  1:47  Drone  
  21  1:58  Queen  
  21  1:59  Queen, Zergling x4  
  27  2:11  Overlord  
  27  2:12  Drone  
  28  2:24  Hatchery  
  28  2:25  Spore Crawler  
  28  2:28  Drone  
  27  2:32  Drone  
  28  2:37  Drone x2  
  28  2:42  Queen  
  32  2:47  Metabolic Boost  
  32  2:51  Drone  
  33  2:54  Overlord  
  33  2:57  Drone  
  34  3:00  Drone  
  35  3:11  Queen  
  37  3:15  Drone x3  
  37  3:16  Overlord  
  37  3:18  Drone  
  41  3:20  Drone  
  41  3:22  Drone  
  43  3:34  Overlord, Queen  
  43  3:35  Drone  
  43  3:36  Drone  
  47  3:43  Queen  
  47  3:45  Drone  
  47  3:47  Drone  
  51  3:50  Drone x2  
  51  3:52  Drone x2  
  51  3:54  Drone  
  57  3:55  Drone  
  57  3:59  Drone  
  57  4:01  Queen  
  60  4:03  Drone  
  60  4:05  Drone  
  60  4:07  Drone  
  60  4:09  Overlord  
  63  4:17  Overlord  
  63  4:19  Drone x2  
  63  4:23  Overlord  
  65  4:27  Queen, Overlord  
  65  4:28  Drone x2  
  70  4:31  Drone  
  70  4:35  Overlord  
  70  4:38  Lair  
  70  4:42  Hatchery  
  70  4:43  Drone  
  70  4:46  Drone x2  
  70  4:48  Spore Crawler x2  
  70  4:50  Extractor  
  70  4:51  Queen  
  71  4:57  Drone  
  71  4:58  Spore Crawler  
  71  4:59  Drone x3, Zergling x2  
  75  5:01  Zergling x2  
  75  5:05  Baneling Nest, Drone x2  
  75  5:06  Drone  
  78  5:10  Drone x2  
  78  5:11  Zergling x4  
  78  5:12  Zergling x2  
  78  5:13  Zergling x2  
  84  5:19  Drone x2  
  86  5:22  Drone  
  86  5:28  Queen  
  87  5:29  Overlord  
  87  5:30  Drone  
  87  5:35  Zergling x2  
  91  5:36  Queen  
  91  5:38  Zergling x6  
  91  5:40  Drone x3  
  99  5:43  Overlord  
  99  5:44  Evolution Chamber x2  
  99  5:47  Drone  
  96  5:51  Drone  
  96  5:53  Drone  
  96  5:54  Overlord  
  96  5:56  Drone  
  99  6:01  Drone x3  
  99  6:02  Centrifugal Hooks  
  99  6:03  Drone  
  103  6:04  Extractor  
  103  6:05  Hatchery, Extractor  
  103  6:06  Drone x2  
  103  6:09  Drone  
  103  6:10  Zerg Ground Armor Level 1, Zerg Melee Weapons Level 1  
  103  6:14  Zergling x4  
  103  6:16  Zergling x4  
  103  6:18  Hatchery  
  106  6:19  Zergling x4  
  106  6:25  Zergling x4  
  110  6:26  Overlord  
  110  6:27  Zergling x2  
  110  6:29  Queen  
  110  6:32  Spore Crawler  
  112  6:34  Zergling x4  
  112  6:37  Baneling  
  112  6:38  Baneling x7  
  112  6:39  Zergling x8  
  118  6:40  Drone  
  118  6:43  Zergling x6  
  118  6:44  Baneling x2  
  118  6:46  Zergling x4  
  124  6:50  Overlord, Queen  
  124  6:53  Drone x3  
  130  6:54  Drone  
  130  6:58  Drone x2, Hydralisk Den  
  130  6:59  Drone  
  130  7:01  Drone x2  
  134  7:02  Drone x2  
  134  7:07  Overlord  
  136  7:10  Drone  
  136  7:11  Drone  
  136  7:13  Drone x3  
  135  7:20  Drone x2  
  135  7:21  Drone, Extractor  
  135  7:22  Drone x2, Infestation Pit  
  138  7:23  Drone x2  
  139  7:33  Spore Crawler  
  139  7:36  Zergling x12  
  144  7:39  Drone x2  
  144  7:40  Muscular Augments  
  144  7:42  Extractor  
  144  7:43  Drone x3  
  144  7:44  Drone  
  146  7:50  Zergling x2  
  146  7:51  Zergling x2  
  145  7:53  Drone  
  145  7:54  Drone x3  
  145  7:55  Hydralisk x5, Extractor  
  145  7:56  Baneling  
  145  7:58  Zergling x4  
  160  8:02  Baneling x2, Queen  
  160  8:05  Overlord x2  
  162  8:07  Overlord  
  162  8:10  Hydralisk  
  162  8:11  Zergling x6  
  154  8:13  Hydralisk  
  154  8:14  Zergling x4  
  154  8:15  Zergling x2  
  154  8:16  Zergling x4  
  154  8:18  Zergling x10  
  155  8:20  Zergling x2  
  155  8:22  Overseer  
  155  8:26  Extractor  
  154  8:29  Zergling x18  
  154  8:32  Zerg Ground Armor Level 2  
  163  8:35  Drone  
  163  8:37  Drone  
  163  8:38  Drone  
  163  8:39  Drone x2  
  159  8:41  Zerg Missile Weapons Level 1  
  159  8:42  Drone  
  159  8:44  Grooved Spines  
  159  8:46  Overlord, Hydralisk  
  159  8:47  Zergling x2  
  159  8:53  Baneling x7  
  159  8:54  Drone x3  
  160  9:03  Zergling x22  
  160  9:04  Zergling x4  
  160  9:06  Hydralisk  
  160  9:10  Zergling x6  
  160  9:14  Zergling x2  
  160  9:15  Hive  
  160  9:16  Zergling x4  
  166  9:17  Lurker Den  
  166  9:20  Zergling x4  
  163  9:24  Drone  
  163  9:26  Drone x3  
  163  9:31  Zergling x20  
  177  9:33  Hatchery  
  169  9:39  Baneling x8  
  169  9:42  Drone x4  
  169  9:44  Hydralisk  
  169  9:45  Zergling x2  
  164  9:50  Hydralisk  
  164  9:51  Hydralisk, Zergling x2  
  159  9:58  Hydralisk x2, Zergling x8  
  159  9:59  Zergling x2, Queen, Hydralisk  
  166  10:00  Zergling x4  
  166  10:04  Zergling x4  
  166  10:05  Zergling x2  
  169  10:07  Zergling x4  
  169  10:08  Zergling x2  
  172  10:15  Drone x3  
  172  10:17  Lurker x3  
  172  10:18  Lurker  
  172  10:19  Overlord  
  179  10:24  Drone x2  
  177  10:30  Overlord  
  177  10:31  Zergling x14  
  181  10:39  Seismic Spines  
  181  10:43  Drone x7  
  181  10:46  Hydralisk, Zergling x2  
  181  10:47  Zergling x4  
  181  10:48  Queen  
  159  10:50  Baneling x6  
  159  10:55  Hydralisk  
  159  10:56  Zergling x8  
  149  11:02  Lurker  
  149  11:03  Drone x5  
  149  11:04  Drone  
  150  11:11  Lurker  
  150  11:12  Lurker, Drone x3  
  150  11:13  Drone x3  
  150  11:16  Hydralisk  
  150  11:17  Zergling x6  
  150  11:18  Overseer  
  163  11:24  Hydralisk  
  163  11:25  Hydralisk, Zergling x2  
  166  11:26  Zergling x10  
  166  11:30  Drone x3  
  166  11:32  Drone x2  
  175  11:36  Overlord, Adaptive Talons  
  175  11:37  Hydralisk  
  169  11:40  Zergling x2  
  169  11:42  Zergling x4  
  169  11:45  Hydralisk x2  
  168  11:49  Zergling x2  
  168  11:51  Lurker x2  
  170  11:55  Zergling x12  
  170  11:56  Zergling x4  
  170  12:00  Zergling x4  
  180  12:02  Baneling x8  
  180  12:05  Drone x3  
  180  12:06  Drone  
  184  12:08  Spore Crawler  
  184  12:11  Lurker, Spore Crawler  
  184  12:12  Baneling x3  
  181  12:21  Zergling x14  
  181  12:22  Zergling x14  
  190  12:25  Hydralisk  
  190  12:26  Zergling x2  
  164  12:34  Hydralisk x2, Zergling x2  
  164  12:35  Zergling x6, Hydralisk  
  164  12:36  Zergling x2  
  147  12:44  Hatchery  
  145  12:56  Lurker x5  
  145  12:57  Pneumatized Carapace, Overseer  
  150  12:59  Drone x5  
  150  13:01  Hydralisk x3, Extractor, Zergling x2  
  150  13:02  Zergling x8  
  150  13:03  Extractor  
  164  13:12  Hydralisk  
  161  13:13  Zergling x10  
  161  13:14  Hydralisk x2  
  161  13:16  Queen  
  161  13:18  Hydralisk  
  161  13:19  Zergling x6  
  166  13:23  Overseer  
  166  13:25  Lurker x2  
  161  13:28  Zergling x10  
  161  13:31  Overlord  
  158  13:35  Zergling x6  
Show
View Real Time Build Order
Export as new Build Order

Clem Terran - Winner!

Build Orders: Reaper Expand 

Get SALT Encoding   

  12  0:00  SCV  
  13  0:12  SCV  
  14  0:16  Supply Depot  
  14  0:24  SCV  
  15  0:38  SCV  
  15  0:39  Barracks  
  15  0:42  Refinery  
  16  0:50  SCV  
  17  1:02  SCV  
  18  1:14  SCV  
  19  1:26  Reaper, Orbital Command  
  20  1:37  Command Center  
  20  1:44  Supply Depot  
  20  1:51  SCV  
  21  1:58  Marine  
  22  2:03  SCV  
  23  2:09  Factory  
  23  2:16  SCV  
  23  2:19  Barracks Reactor  
  24  2:28  SCV  
  25  2:39  Command Center  
  25  2:40  SCV  
  26  2:49  Orbital Command  
  26  2:52  SCV  
  27  3:00  Barracks  
  27  3:01  Barracks Tech Lab  
  27  3:05  Hellion  
  29  3:06  SCV  
  29  3:11  Hellion  
  32  3:15  SCV  
  32  3:18  SCV  
  34  3:20  Marine, Refinery  
  34  3:25  Stimpack  
  35  3:27  SCV  
  35  3:31  SCV  
  37  3:38  Marine  
  37  3:39  SCV  
  39  3:43  SCV  
  40  3:49  Starport  
  40  3:51  Orbital Command, SCV  
  41  3:56  Marine x2, SCV  
  41  3:57  Marine, Factory Reactor  
  45  4:04  SCV  
  45  4:07  Supply Depot, Refinery  
  45  4:08  Refinery  
  46  4:10  SCV  
  46  4:14  Marine  
  46  4:16  SCV x2, Marine  
  46  4:17  Marine  
  51  4:22  SCV  
  53  4:27  Factory  
  53  4:28  SCV x2  
  53  4:30  Supply Depot  
  55  4:34  SCV  
  55  4:38  Marine  
  56  4:39  Marine x2, Armory  
  56  4:40  SCV  
  56  4:43  Medivac  
  56  4:44  SCV  
  63  4:46  Medivac  
  63  4:47  SCV  
  63  4:50  Factory Tech Lab  
  63  4:52  SCV  
  67  4:56  Supply Depot  
  67  4:59  Marine x3, SCV  
  71  5:04  SCV  
  72  5:10  Orbital Command  
  72  5:11  Widow Mine, SCV  
  72  5:13  Combat Shield  
  75  5:16  SCV  
  75  5:19  Supply Depot x2  
  76  5:23  Widow Mine, Starport Reactor, SCV  
  76  5:24  Widow Mine  
  76  5:26  Drilling Claws  
  76  5:27  Marine x3  
  84  5:28  SCV  
  84  5:35  Supply Depot  
  85  5:40  SCV x2  
  85  5:41  Widow Mine  
  89  5:43  Engineering Bay  
  89  5:44  SCV, Engineering Bay  
  89  5:45  Marine  
  89  5:48  Marine  
  89  5:49  Widow Mine  
  93  5:52  Widow Mine, SCV x2  
  93  5:56  SCV  
  97  5:57  Marine  
  97  6:00  Supply Depot  
  97  6:01  Medivac x2  
  97  6:03  Widow Mine  
  104  6:04  Marine  
  104  6:09  Terran Infantry Weapons Level 1, Terran Infantry Armor Level 1  
  104  6:10  Supply Depot, Marine  
  106  6:11  SCV  
  106  6:13  SCV  
  106  6:18  Supply Depot  
  108  6:20  SCV  
  108  6:21  Barracks  
  108  6:23  Marine  
  108  6:24  Supply Depot  
  110  6:27  Supply Depot, Widow Mine  
  110  6:30  Widow Mine  
  110  6:31  SCV, Widow Mine  
  117  6:34  SCV  
  117  6:37  Medivac x2  
  122  6:40  Supply Depot, Marine  
  122  6:44  Marine  
  122  6:45  SCV  
  122  6:46  Supply Depot  
  125  6:50  Barracks  
  125  6:54  Barracks, Supply Depot  
  125  6:57  Widow Mine x2  
  129  7:02  Marine, Widow Mine  
  129  7:05  Marine  
  133  7:08  Medivac x2  
  133  7:10  Marine  
  133  7:12  Barracks Reactor  
  136  7:17  Sensor Tower, Refinery  
  136  7:19  Widow Mine  
  136  7:20  Marine, Widow Mine  
  141  7:23  Marine  
  141  7:24  Command Center  
  141  7:28  Marine  
  143  7:32  Widow Mine  
  135  7:37  Marine  
  135  7:38  Barracks Tech Lab, Medivac  
  135  7:40  Barracks Reactor  
  135  7:43  Barracks x2, Widow Mine  
  135  7:44  Barracks  
  138  7:45  Widow Mine  
  138  7:46  Medivac  
  138  7:47  Marauder  
  134  7:56  SCV x3  
  134  7:58  Widow Mine, Marauder  
  141  7:59  Marine x2  
  141  8:00  Marine  
  141  8:02  Marine  
  145  8:07  Marine  
  145  8:08  Liberator, Widow Mine  
  145  8:09  Widow Mine  
  153  8:14  SCV  
  153  8:16  Marine  
  153  8:17  Marine x2  
  153  8:18  Marine  
  153  8:19  Marine  
  153  8:20  Marine x2, Widow Mine  
  153  8:23  Concussive Shells  
  153  8:24  Supply Depot  
  153  8:26  Terran Infantry Weapons Level 2  
  157  8:29  Terran Infantry Armor Level 2  
  157  8:36  Widow Mine  
  157  8:37  Marauder  
  157  8:38  Marine x3  
  157  8:39  Barracks Tech Lab x2  
  157  8:41  Sensor Tower, Barracks Tech Lab  
  154  8:45  Marine, Widow Mine  
  154  8:48  Marine x2  
  150  8:51  SCV  
  150  8:52  Marine  
  150  8:56  Marine  
  150  8:58  Widow Mine  
  150  9:00  Marine x2, Widow Mine  
  150  9:01  Marine  
  158  9:03  Planetary Fortress  
  158  9:04  Marine  
  158  9:06  SCV  
  158  9:08  Marine  
  153  9:10  Marine x2, Marauder  
  153  9:12  Medivac, Widow Mine  
  153  9:14  Marine x2, Marauder  
  153  9:15  SCV  
  164  9:21  Marauder  
  164  9:22  Marine x2  
  168  9:25  Marine  
  168  9:26  Marine  
  168  9:27  Medivac, Widow Mine x2  
  168  9:28  Marine, Marauder  
  168  9:31  Marine  
  175  9:33  Terran Vehicle And Ship Armor Level 1  
  175  9:37  Widow Mine  
  177  9:38  Marauder  
  168  9:45  Medivac  
  168  9:48  Widow Mine, Marine  
  168  9:49  Widow Mine, Marine x3, Marauder  
  168  9:50  Marine x2  
  168  9:53  Marine  
  168  9:54  Marine, Marauder  
  168  9:56  SCV  
  168  9:58  Command Center, Widow Mine  
  173  10:00  Marauder  
  173  10:06  Marine x2  
  172  10:07  Marine  
  172  10:10  Hellion, Widow Mine, Marauder  
  172  10:12  Marauder, Marine  
  172  10:13  Marine, Marauder  
  185  10:15  Marine, Marauder  
  185  10:16  Supply Depot  
  185  10:20  Ghost Academy  
  188  10:21  Marine  
  188  10:24  Marine x2  
  188  10:26  Medivac x2  
  188  10:29  Widow Mine  
  188  10:30  Marine x2  
  188  10:32  Marine, Marauder  
  188  10:35  Marine  
  196  10:40  Command Center  
  196  10:43  Widow Mine, Marauder, Marine  
  196  10:44  Marine  
  196  10:47  Marauder  
  196  10:48  Marine  
  185  10:50  Ghost x2, Widow Mine  
  185  10:53  Widow Mine  
  178  10:57  Marine  
  178  11:00  Marine  
  178  11:03  Medivac  
  180  11:04  Widow Mine  
  180  11:06  Refinery x2  
  180  11:11  Widow Mine  
  180  11:14  Widow Mine  
  180  11:15  Ghost  
  186  11:21  Refinery  
  186  11:23  Ghost, Marine  
  186  11:24  Marine x3  
  194  11:25  Marine  
  194  11:26  Widow Mine  
  194  11:29  SCV  
  194  11:30  SCV  
  194  11:32  Missile Turret  
  193  11:33  Sensor Tower  
  193  11:34  Ghost  
  193  11:35  Missile Turret  
  194  11:44  Medivac  
  194  11:46  Ghost, Marine x3  
  187  11:49  Marine x2  
  187  11:54  Planetary Fortress, Orbital Command  
  186  12:00  Widow Mine x3  
  192  12:03  Ghost, Marine  
  192  12:08  Command Center  
  195  12:09  Ghost  
  194  12:24  Medivac  
  194  12:25  Widow Mine, Marine, Marauder  
  177  12:30  Widow Mine, Marine  
  177  12:32  Widow Mine, Medivac  
  177  12:34  Marine x3  
  178  12:37  Marine  
  178  12:40  Marine  
  169  12:44  Marine  
  169  12:45  Ghost  
  169  12:46  Widow Mine  
  169  12:49  SCV x2  
  169  12:50  SCV, Ghost, Marine  
  182  12:51  Widow Mine, Marine  
  182  12:52  Marine  
  182  12:54  Medivac  
  182  12:58  Marine  
  184  13:04  Widow Mine  
  184  13:05  Ghost, Sensor Tower, Marine  
  186  13:06  Missile Turret  
  186  13:08  Medivac  
  191  13:13  Marine x2, Widow Mine  
  191  13:14  Marine  
  191  13:19  Marine x2, Widow Mine  
  196  13:23  Marine  
  196  13:24  Marine  
  196  13:26  Widow Mine  
  192  13:27  Marine x3  
  192  13:31  Marine  
  192  13:32  Marine  
Tags
 
Add a new tag
Caveats
  • Supply blocks, unpowered buildings, or Contaminate may cause inaccurate times.
  • Supply counts are checked every 10 seconds.